Map: Shrines of Lizul

Players

Sierra

  • Race: Protoss Protoss
  • League: Platinum
  • Spawn Location: 12:00

RuKAIF

  • Race: Zerg Zerg
  • League: Platinum
  • Spawn Location: 3:00

Musumeci - Winner!

  • Race: Zerg Zerg
  • League: Diamond
  • Spawn Location: 6:00

MichyMoko - Winner!

  • Race: Zerg Zerg
  • Spawn Location: 9:00

VOD

Have the link to the VOD?

Description

Time

  • Played on: March 20, 2017, 10:03 a.m.
  • Length: 16:38
Show
View Real Time Build Order
Export as new Build Order

Sierra Protoss 

Build Orders: Oracle Opening 

Get SALT Encoding   

  12  0:01  Probe (Chrono Boost)  
  13  0:12  Probe (Chrono Boost)  
  14  0:23  Pylon  
  14  0:25  Probe (Chrono Boost)  
  15  0:29  Assimilator  
  15  0:41  Probe (Chrono Boost)  
  16  0:45  Gateway  
  16  0:51  Assimilator  
  16  0:53  Probe (Chrono Boost)  
  18  1:04  Probe (Chrono Boost)  
  18  1:15  Probe (Chrono Boost)  
  19  1:25  Probe (Chrono Boost)  
  20  1:32  Cybernetics Core  
  20  1:36  Probe (Chrono Boost)  
  20  1:38  Pylon  
  21  1:46  Probe (Chrono Boost)  
  22  1:58  Gateway  
  22  2:00  Warp Gate  
  22  2:08  Twilight Council  
  22  2:15  Stargate  
  24  2:44  Mothership Core (Chrono Boost)  
  24  2:46  Zealot  
  25  2:54  Zealot  
  27  2:58  Oracle  
  29  3:22  Probe (Chrono Boost)  
  31  3:34  Probe (Chrono Boost)  
  31  3:46  Probe (Chrono Boost)  
  23  4:12  Probe (Chrono Boost)  
  23  4:13  Void Ray  
  29  4:24  Probe (Chrono Boost)  
  29  4:36  Probe (Chrono Boost)  
  27  4:48  Probe (Chrono Boost)  
  29  5:00  Probe (Chrono Boost)  
  29  5:14  Pylon  
  29  5:16  Pylon  
  29  5:26  Void Ray  
  29  5:30  Probe (Chrono Boost)  
  34  5:42  Probe (Chrono Boost)  
  33  5:56  Probe (Chrono Boost)  
  34  6:04  Void Ray  
  34  6:08  Probe (Chrono Boost)  
  39  6:18  Nexus  
  39  6:24  Probe (Chrono Boost)  
  40  6:38  Stalker, Probe (Chrono Boost)  
  43  6:46  Pylon  
  43  6:53  Void Ray  
  47  7:11  Pylon  
  47  7:13  Pylon  
  48  7:30  Probe (Chrono Boost)  
  48  7:33  Void Ray  
  48  7:42  Probe (Chrono Boost)  
  48  7:43  Probe (Chrono Boost)  
  54  7:54  Probe x2 (Chrono Boost)  
  56  8:00  Stargate  
  56  8:09  Stargate  
  56  8:13  Probe (Chrono Boost)  
  56  8:16  Probe (Chrono Boost)  
  56  8:19  Void Ray  
  58  8:24  Probe (Chrono Boost)  
  63  8:38  Probe (Chrono Boost)  
  64  8:41  Assimilator  
  64  8:42  Assimilator  
  64  8:56  Void Ray  
  68  9:05  Fleet Beacon  
  68  9:29  Void Ray  
  68  9:37  Stalker x2  
  76  9:53  Probe (Chrono Boost)  
  76  9:56  Probe (Chrono Boost)  
  78  10:01  Carrier  
  78  10:04  Probe (Chrono Boost)  
  80  10:08  Probe (Chrono Boost)  
  86  10:28  Graviton Catapult, Nexus  
  86  10:32  Pylon  
  86  10:38  Pylon  
  86  10:45  Assimilator  
  86  10:50  Assimilator  
  86  10:56  Carrier  
  92  11:01  Pylon  
  92  11:18  Void Ray  
  84  11:26  Carrier  
  90  11:59  Probe (Chrono Boost)  
  91  12:06  Void Ray  
  95  12:09  Pylon x2  
  95  12:10  Probe (Chrono Boost)  
  95  12:11  Pylon  
  96  12:20  Probe (Chrono Boost)  
  96  12:22  Carrier  
  103  12:31  Probe (Chrono Boost)  
  101  12:41  Probe (Chrono Boost)  
  101  12:56  Carrier  
  101  13:07  Carrier  
  101  13:10  Probe (Chrono Boost)  
  114  13:16  Pylon  
  114  13:17  Pylon  
  114  13:20  Probe (Chrono Boost)  
  115  13:31  Probe (Chrono Boost)  
  116  13:35  Protoss Air Weapons Level 1  
  116  13:41  Probe (Chrono Boost)  
  116  13:44  Probe (Chrono Boost)  
  124  13:52  Probe (Chrono Boost)  
  126  13:56  Probe (Chrono Boost)  
  126  14:26  Carrier  
  116  14:37  Carrier  
Show
View Real Time Build Order
Export as new Build Order

RuKAIF Zerg 

Build Orders: Pool First 

Get SALT Encoding   

  12  0:01  Drone  
  13  0:08  Drone  
  14  0:18  Overlord  
  14  0:36  Drone  
  14  0:37  Drone x2  
  17  0:47  Spawning Pool  
  16  0:50  Drone  
  17  1:25  Drone x2  
  19  1:32  Hatchery  
  19  1:35  Queen  
  19  1:39  Drone  
  21  1:42  Extractor  
  20  1:49  Drone  
  20  1:50  Drone  
  22  1:58  Overlord  
  22  2:13  Roach Warren  
  22  2:14  Extractor  
  22  2:15  Drone  
  21  2:45  Zergling x12  
  21  2:47  Queen  
  29  2:51  Metabolic Boost  
  29  3:11  Zergling x6  
  32  3:15  Roach  
  34  3:23  Queen  
  36  3:36  Overlord x3  
  32  4:41  Roach x2  
  32  4:42  Roach x6  
  32  4:43  Roach x2  
  47  5:15  Queen, Drone x3  
  52  5:22  Drone x4  
  52  5:23  Drone x3  
  52  5:25  Overlord  
  57  5:59  Drone x2  
  57  6:00  Drone x6  
  57  6:03  Extractor  
  64  6:06  Lair, Extractor  
  63  6:12  Evolution Chamber  
  63  6:17  Evolution Chamber  
  61  6:23  Drone x2  
  61  6:24  Drone  
  64  6:27  Drone x2  
  66  6:36  Drone x2  
  66  6:39  Overlord x4  
  68  6:47  Zerg Missile Weapons Level 1  
  68  6:48  Zerg Ground Armor Level 1  
  68  6:58  Hatchery  
  68  7:00  Extractor  
  56  7:17  Drone x3  
  56  7:18  Drone x6  
  56  7:19  Drone  
  66  7:35  Queen  
  68  7:45  Hydralisk Den  
  67  8:10  Drone x8  
  67  8:11  Drone x6  
  67  8:12  Drone  
  82  8:25  Drone  
  83  8:27  Drone x3  
  83  8:30  Drone  
  83  8:34  Extractor  
  84  8:56  Muscular Augments  
  84  8:58  Queen  
  86  9:03  Hydralisk x7  
  86  9:04  Hydralisk x3  
  106  9:10  Overlord x4  
  106  9:11  Overseer  
  106  9:13  Pneumatized Carapace  
  106  9:27  Nydus Network  
  105  9:34  Infestation Pit, Burrow  
  105  9:36  Zerg Missile Weapons Level 2  
  104  10:07  Nydus Canal  
  104  10:10  Hatchery, Hydralisk x2  
  104  10:11  Hydralisk x7  
  104  10:12  Hydralisk x6, Extractor x2  
  104  10:13  Hydralisk x3  
  137  10:19  Overlord x2  
  137  10:21  Overlord  
  137  10:24  Overlord  
  116  11:46  Hydralisk x4  
  116  11:47  Hydralisk x6  
  114  11:48  Hydralisk x5  
  114  11:51  Queen  
  142  12:43  Infestor  
  142  12:44  Infestor x3, Hydralisk x3  
  142  12:45  Hydralisk x3  
  112  13:14  Overlord x4  
  112  13:43  Hydralisk x5  
  112  13:44  Hydralisk x7  
  112  13:45  Hydralisk x2  
  140  13:55  Zerg Ground Armor Level 2  
  140  14:08  Overlord x2  
  140  14:09  Overlord x2  
  140  14:20  Zergling x6  
  140  14:21  Zergling x6  
  140  14:23  Infestor x3  
  146  14:35  Hydralisk x25  
  143  14:40  Roach x2  
  85  15:07  Ravager  
  85  15:11  Zergling x10  
  85  15:12  Zergling x12  
  85  15:13  Zergling x14  
  85  15:14  Zergling x4  
  77  15:46  Hydralisk x4  
  77  15:47  Hydralisk x4  
Show
View Real Time Build Order
Export as new Build Order

Musumeci Zerg - Winner!

Build Orders: Pool First 

Get SALT Encoding   

  12  0:01  Drone  
  13  0:08  Drone  
  14  0:18  Overlord  
  14  0:25  Drone, Extractor  
  15  0:41  Drone x2  
  17  0:50  Spawning Pool  
  17  0:52  Extractor  
  17  0:54  Drone  
  15  1:15  Drone x2  
  17  1:29  Hatchery  
  16  1:47  Queen  
  18  1:55  Metabolic Boost  
  18  1:57  Zergling x4  
  20  2:06  Zergling x2  
  21  2:16  Zergling x2  
  21  2:21  Baneling Nest  
  21  2:31  Zergling x2  
  21  3:07  Zergling x2  
  21  3:08  Zergling x10  
  25  3:20  Spore Crawler  
  23  3:44  Spore Crawler  
  23  3:47  Zergling x6  
  23  3:48  Zergling x6  
  24  3:59  Zergling x8  
  27  4:07  Queen  
  28  4:15  Baneling x2  
  27  4:32  Baneling  
  27  4:38  Zergling x10  
  26  5:03  Zergling x10  
  27  5:17  Overlord  
  24  5:28  Baneling  
  24  5:29  Baneling  
  17  5:51  Zergling x4  
  17  5:52  Zergling x2  
  20  6:00  Drone x3  
  20  6:03  Zergling x2  
  24  6:08  Drone  
  24  6:10  Drone  
  26  6:20  Evolution Chamber  
  23  6:26  Roach Warren  
  22  6:44  Baneling  
  22  6:45  Baneling x3  
  22  6:55  Drone x6  
  26  7:18  Roach  
  26  7:20  Overlord  
  26  7:21  Overlord x2  
  28  7:39  Zergling x4  
  28  7:41  Roach x8  
  46  7:51  Lair  
  46  7:53  Extractor  
  45  8:04  Drone  
  45  8:05  Drone x6  
  52  8:11  Baneling x4  
  50  8:44  Drone  
  50  8:45  Drone  
  50  8:47  Overlord x3  
  52  8:56  Extractor  
  52  8:57  Extractor  
  52  8:58  Spire  
  52  9:02  Drone  
  50  9:03  Drone x2  
  50  9:05  Drone  
  50  9:08  Drone  
  50  9:09  Drone x2  
  56  9:10  Drone x2  
  56  9:11  Drone  
  56  9:12  Drone x3  
  62  9:19  Overlord x2  
  62  9:20  Overlord  
  62  9:47  Drone  
  63  9:57  Hatchery  
  62  10:09  Mutalisk x6  
  62  10:11  Mutalisk  
  62  10:13  Mutalisk  
  62  10:14  Mutalisk x2  
  78  10:16  Mutalisk  
  84  10:46  Mutalisk x2  
  84  10:47  Mutalisk  
  82  11:51  Mutalisk x7  
  92  11:56  Drone x6  
  98  12:09  Overlord  
  98  12:10  Overlord x6  
  98  12:21  Extractor  
  97  12:25  Extractor  
  96  12:38  Zerg Flyer Weapons Level 1  
  96  12:45  Corruptor x5  
  88  13:17  Mutalisk x3  
  94  13:35  Infestation Pit  
  89  14:32  Corruptor x8  
  89  14:33  Corruptor x2  
  97  15:04  Corruptor x4  
  89  15:33  Zergling x14  
  89  15:34  Zergling x18  
  91  15:54  Zergling x8  
  63  16:16  Baneling x8  
Show
View Real Time Build Order
Export as new Build Order

MichyMoko Zerg - Winner!

Build Orders: Hatch First 

Get SALT Encoding   

  12  0:01  Drone  
  13  0:12  Overlord  
  13  0:18  Drone  
  14  0:41  Drone x2  
  14  0:42  Drone  
  17  0:58  Hatchery, Drone  
  17  1:15  Spawning Pool  
  17  1:16  Drone  
  17  1:22  Drone, Extractor  
  17  1:31  Drone  
  18  1:37  Drone  
  19  1:49  Drone  
  20  1:57  Drone  
  21  2:08  Overlord  
  21  2:09  Queen  
  21  2:10  Queen  
  21  2:12  Zergling x2  
  26  2:19  Zergling x2  
  27  2:23  Zergling x2  
  28  2:31  Zergling x2  
  28  2:34  Spore Crawler  
  28  2:41  Drone x2  
  30  2:45  Drone  
  30  2:50  Queen  
  33  2:53  Drone  
  34  2:59  Drone  
  34  3:00  Roach Warren  
  34  3:09  Overlord  
  34  3:10  Drone  
  34  3:12  Zergling x2  
  36  3:18  Overlord  
  34  3:33  Spore Crawler  
  33  3:39  Drone  
  33  3:40  Drone x6  
  44  3:55  Roach  
  44  3:56  Roach  
  45  4:08  Roach x3  
  51  4:13  Extractor  
  51  4:14  Lair  
  48  4:17  Roach  
  48  4:18  Roach  
  52  4:28  Overlord x2  
  52  4:34  Overlord x2  
  48  4:56  Roach x2  
  48  4:57  Roach x4  
  45  5:18  Hydralisk Den  
  44  5:23  Glial Reconstitution  
  44  5:36  Drone  
  44  5:37  Drone x5  
  50  5:46  Drone  
  50  5:47  Drone x2  
  53  5:54  Extractor  
  53  5:56  Extractor  
  51  5:57  Hydralisk x2  
  55  6:06  Hydralisk x2  
  55  6:10  Drone x2  
  61  6:18  Drone x3  
  64  6:23  Hydralisk x2  
  68  6:35  Hydralisk x2  
  72  6:43  Overlord x2  
  72  6:46  Zergling x6  
  75  6:57  Hatchery  
  74  7:06  Hydralisk x3  
  80  7:13  Evolution Chamber  
  79  7:16  Evolution Chamber  
  79  7:20  Muscular Augments  
  78  7:39  Zerg Missile Weapons Level 1  
  78  7:44  Zerg Ground Armor Level 1, Hydralisk x3  
  78  7:45  Hydralisk  
  86  7:52  Overseer  
  86  8:03  Hydralisk x2  
  86  8:04  Hydralisk  
  92  8:18  Hydralisk  
  92  8:19  Hydralisk x2  
  98  8:25  Overlord x2  
  98  8:37  Overlord x2  
  98  8:42  Drone, Spore Crawler  
  98  8:43  Drone x2  
  98  8:46  Drone  
  101  9:19  Hydralisk  
  101  9:20  Hydralisk x6  
  115  9:25  Drone x2  
  115  9:26  Drone x2  
  115  9:30  Overlord  
  119  9:33  Drone  
  119  9:35  Drone  
  121  9:56  Drone x2  
  121  9:57  Drone x3  
  121  9:59  Hydralisk  
  128  10:00  Hydralisk x2  
  132  10:07  Extractor  
  132  10:08  Extractor  
  130  10:17  Hydralisk  
  130  10:18  Hydralisk x3  
  130  10:21  Overlord x2  
  138  10:51  Hydralisk  
  138  10:52  Hydralisk x7  
  154  10:57  Overlord x2  
  154  10:58  Overlord x2  
  154  11:15  Hydralisk x5  
  159  11:27  Hydralisk  
  159  11:28  Hydralisk x4  
  169  11:39  Zerg Missile Weapons Level 2  
  169  11:55  Zerg Ground Armor Level 2  
  169  12:09  Drone x3  
  169  12:10  Hatchery, Drone x3  
  169  12:11  Overlord x3  
  174  12:30  Hydralisk  
  174  12:31  Hydralisk x5  
  172  13:01  Hydralisk  
  172  13:02  Hydralisk x8  
  170  13:17  Hydralisk x5  
  180  13:29  Hydralisk x3  
  180  13:30  Hydralisk  
  188  13:36  Queen  
  190  13:44  Queen  
  192  14:14  Hydralisk  
  192  14:15  Hydralisk x3  
  196  14:49  Hydralisk  
  196  14:50  Hydralisk x9  
  196  14:51  Hydralisk x6  
  196  14:52  Hydralisk  
  154  15:02  Hydralisk x3  
  108  15:08  Hydralisk x2  
  106  15:22  Hydralisk x4  
  106  15:23  Hydralisk  
  108  15:42  Hydralisk x2  
  84  15:43  Hydralisk x4  
  80  15:50  Queen  
  80  15:51  Queen  
  80  15:56  Hydralisk x2  
Tags
 
Add a new tag
Caveats
  • Supply blocks, unpowered buildings, or Contaminate may cause inaccurate times.
  • Supply counts are checked every 10 seconds.